 Dungeon Crawl Stone Soup version 0.28.0-43-g3370ac3207 (webtiles) character file.

Game seed: 5648855461726333561

4771 styxcanada the Covert (level 10, 0/39 (49) HPs)
             Began as a Spriggan Brigand on Mar 29, 2022.
             Was an Initiate of Gozag.
             Succumbed to a kobold brigand's curare-tipped dart
             ... on level 9 of the Dungeon.
             The game lasted 00:37:57 (8466 turns).

styxcanada the Covert (Spriggan Brigand)            Turns: 8466, Time: 00:37:58

HP:   0/39 (49)     AC:  2    Str: 13    XL:     10   Next: 23%
MP:   15/17         EV: 22    Int: 13    God:    Gozag
Gold: 669           SH:  0    Dex: 21    Spells: 15/17 levels left

rFire   . . .      SeeInvis +   n - +1 dagger (venom)
rCold   . . .      Faith    .   (no shield)
rNeg    . . .      Spirit   .   b - +0 robe
rPois   .          Reflect  .   o - +0 hat
rElec   .          Harm     .   y - scarf {+Inv}
rCorr   .          Rampage  .   (gloves unavailable)
Will    +....                   (boots unavailable)
Stlth   ++++++....              (no amulet)
HPRegen 0.13/turn               A - +6 ring of strength
MPRegen 0.15/turn               p - +4 ring of slaying

@: lethally poisoned (0 -> -4), very slightly contaminated, slowed, heavily
drained, invisible, quick
A: very small, no large weapons, unfitting armour, see invisible, speed 3
a: Renounce Religion, Evoke Invisibility, Potion Petition, Call Merchant, Bribe
Branch


You were on level 9 of the Dungeon.
You worshipped Gozag.
Gozag was pleased with you.
You visited 2 branches of the dungeon, and saw 10 of its levels.

You collected 1007 gold pieces.
You spent 225 gold pieces at shops.
You paid 113 gold pieces to Gozag.

Inventory:

Hand Weapons
 a - a +2 vampiric dagger
 j - a +2 rapier of draining
 k - a +0 hunting sling of freezing
 n - a +1 dagger of venom (weapon)
Missiles
 d - 37 poisoned darts (quivered)
 e - 4 curare-tipped darts
 g - 302 stones
 m - 56 sling bullets
 w - 2 throwing nets
Armour
 b - a +0 robe (worn)
 c - a +1 cloak
 o - a +0 hat (worn)
 y - a scarf of invisibility (worn)
Jewellery
 f - a +6 ring of intelligence
 p - a +4 ring of slaying (right hand)
 r - a ring of fire
 v - a +6 ring of intelligence
 A - a +6 ring of strength (left hand)
Wands
 h - a wand of polymorph (7)
 x - a wand of flame (16)
 B - a wand of iceblast (3)
 J - a wand of digging (7)
Scrolls
 z - a scroll of magic mapping
 D - a scroll of fear
 E - a scroll of teleportation
Potions
 i - a potion of lignification
 l - 3 potions of curing
 q - a potion of haste
 s - 2 potions of flight
 t - 3 potions of magic
 u - a potion of invisibility
 C - a potion of resistance
 F - a potion of mutation
 G - a potion of berserk rage
 H - a potion of might


   Skills:
 + Level 4.1 Fighting
 + Level 6.9 Short Blades
 + Level 4.5(5.4) Slings
 + Level 3.7(4.4) Throwing
 * Level 7.1 Dodging
 * Level 12.9 Stealth
 * Level 4.1 Spellcasting
 * Level 2.7 Air Magic
 * Level 3.5 Poison Magic
 * Level 5.4 Evocations


You had 15 spell levels left.
You knew the following spells:

 Your Spells              Type           Power      Damage    Failure   Level
a - Poisonous Vapours     Pois/Air       20%        N/A       9%          2

Your spell library contained the following spells:

 Spells                   Type           Power      Damage    Failure   Level
 Corpse Rot               Necr/Air       12%        N/A       19%         2


Dungeon Overview and Level Annotations

Branches:
Dungeon (9/15)             Temple (1/1) D:6
   Lair: D:8-11         Orc: D:9-12

Altars:
Ashenzari
Cheibriados
Dithmenos
Elyvilon
Fedhas
Gozag
Hepliaklqana
Kikubaaqudgha
Makhleb
Nemelex Xobeh
Okawaru
Ru
Sif Muna
Trog
Uskayaw
Xom
Yredelemnul
Zin
The Shining One

Shops:
D:7 :   D:9 *?!


Innate Abilities, Weirdness & Mutations

You are very small and have problems with some larger weapons.
You are too small for most types of armour.
You have supernaturally acute eyesight. (SInv)
You cover ground extremely quickly. (Speed+++)


Message History

You feel very sick. The centaur barely misses you.
The centaur completely misses you.
The centaur zombie completely misses you.
The centaur zombie barely misses you. The centaur hits you.
* * * LOW HITPOINT WARNING * * *
The centaur kicks you.
* * * LOW HITPOINT WARNING * * *
You hit the kobold brigand.
The kobold brigand is poisoned.
The kobold brigand is lightly wounded.
* * * LOW HITPOINT WARNING * * *
You feel very sick.
The centaur zombie completely misses you. x2
The centaur closely misses you. The centaur misses you.
The kobold brigand hits you with a +2 vampiric dagger.
* * * LOW HITPOINT WARNING * * *
The kobold brigand draws strength from your wounds!
You feel much better.
You feel very sick. The centaur barely misses you. The centaur misses you.
The centaur hits you. The centaur misses you. The kobold brigand misses you.
The kobold barely misses you.
The centaur is distracted by your dazzling golden aura.
The kobold brigand hits you with a +2 vampiric dagger.
* * * LOW HITPOINT WARNING * * *
The kobold brigand draws strength from your wounds!
You feel drained.
You fail to use your ability.
* * * LOW HITPOINT WARNING * * *
You feel very sick.
The centaur is no longer distracted by gold.
The centaur completely misses you. x2
The centaur zombie is distracted by your dazzling golden aura.
The kobold closely misses you. The kobold brigand misses you.
The centaur hits you.
* * * LOW HITPOINT WARNING * * *
The centaur completely misses you. The kobold misses you.
You feel drained.
You fade into invisibility!
You are very lightly contaminated with residual magic.
You die...
Your body crumbles into a pile of gold.

#K.......#.#
#..........#
#.#........#
#..........#
##.∩.#......#
............#+#
#.KcKZ.....#
#.K@.......#
####.......#
#.......# ###
#.......# ..#
####.#### #.#
#.# #.##
#..###########
.#
##...........#


You could see a kobold brigand (very poisoned), a centaur (poisoned), a centaur
zombie (unaware) and 2 kobolds.

Vanquished Creatures
  Erolcha (D:9)
  Eustachio (D:4)
  6 yaks
  A water moccasin (D:8)
  2 ice beasts
  2 orc warriors
  3 centaurs
  A sky beast (D:6)
  3 necrophages (D:4)
  3 ogres
  8 bullfrogs
  4 kobold brigands
  A scorpion (D:6)
  6 wights
  2 centaur zombies
  A human zombie (D:4)
  A hound (D:3)
  An orc priest (D:5)
  A bullfrog skeleton (D:6)
  A bullfrog zombie (D:6)
  3 iguanas
  Jessica (D:3)
  A scorpion zombie (D:4)
  An orc wizard (D:5)
  A hound zombie (D:4)
  A hound skeleton (D:5)
  4 mummies (D:4)
  8 gnolls
  A howler monkey skeleton (D:7)
  A howler monkey zombie (D:8)
  3 adders
  A shadow imp (D:5)
  2 white imps
  An adder zombie (D:4)
  An adder skeleton (D:4)
  A dart slug (D:3)
  20 orcs
  8 endoplasms
  3 giant cockroaches
  5 goblins
  7 hobgoblins
  3 jackals
  5 quokkas
  3 ball pythons
  5 bats
  8 frilled lizards
  21 kobolds
  3 rats
171 creatures vanquished.

Vanquished Creatures (others)
  A plant (D:6)
1 creature vanquished.

Grand Total: 172 creatures vanquished

Notes
Turn   | Place    | Note
-------+----------+-------------------------------------------
     0 | D:1      | styxcanada the Spriggan Brigand began the quest for the
                  | Orb.
     0 | D:1      | Reached XP level 1. HP: 10/10 MP: 2/2
    21 | D:1      | Reached skill level 6 in Stealth
   135 | D:1      | Reached XP level 2. HP: 5/14 MP: 3/3
  1606 | D:2      | Reached XP level 3. HP: 18/18 MP: 4/4
  1653 | D:2      | Reached skill level 7 in Stealth
  1653 | D:2      | Reached XP level 4. HP: 10/23 MP: 5/5
  2362 | D:3      | Noticed Jessica
  2732 | D:3      | Killed Jessica
  2733 | D:3      | Reached XP level 5. HP: 14/26 MP: 6/6
  3213 | D:3      | Reached skill level 8 in Stealth
  3244 | D:4      | Noticed Eustachio
  3264 | D:4      | Killed Eustachio
  3265 | D:4      | Reached XP level 6. HP: 30/30 MP: 7/7
  3348 | D:4      | Found a broken altar of Ashenzari.
  3456 | D:4      | Noticed an ice beast
  3463 | D:4      | Killed an ice beast
  3464 | D:4      | Reached skill level 9 in Stealth
  3614 | D:4      | Reached skill level 1 in Slings
  3614 | D:4      | Reached skill level 1 in Evocations
  3614 | D:4      | Reached XP level 7. HP: 35/35 MP: 8/8
  3898 | D:4      | Found a basalt altar of Yredelemnul.
  3901 | D:4      | Reached skill level 10 in Stealth
  3937 | D:4      | Reached XP level 8. HP: 36/40 MP: 9/9
  4341 | D:5      | Entered Level 5 of the Dungeon
  4557 | D:5      | Reached skill level 5 in Short Blades
  4607 | D:5      | Reached skill level 5 in Dodging
  5297 | D:5      | Found an iron altar of Okawaru.
  5402 | D:6      | Learned a level 2 spell: Poisonous Vapours
  5426 | D:6      | Found a shimmering blue altar of Sif Muna.
  5468 | D:6      | Found a staircase to the Ecumenical Temple.
  5483 | Temple   | Entered the Ecumenical Temple
  5488 | Temple   | Became a worshipper of Gozag Ym Sagoz the Greedy
  5603 | D:6      | Reached skill level 1 in Spellcasting
  5640 | D:6      | Reached skill level 11 in Stealth
  5872 | D:7      | Reached skill level 1 in Air Magic
  5872 | D:7      | Reached skill level 1 in Poison Magic
  5872 | D:7      | Reached XP level 9. HP: 31/45 MP: 11/13
  6064 | D:7      | Found Cuogew's Book Shop.
  6597 | D:7      | Found a bloodstained altar of Trog.
  7127 | D:8      | Reached skill level 12 in Stealth
  7450 | D:8      | Found a shimmering altar of Xom.
  7451 | D:8      | Found a shimmering altar of Xom.
  7451 | D:8      | Found a shimmering altar of Xom.
  7453 | D:8      | Found a shimmering altar of Xom.
  7453 | D:8      | Found a shimmering altar of Xom.
  7453 | D:8      | Found a shimmering altar of Xom.
  7453 | D:8      | Found a shimmering altar of Xom.
  7453 | D:8      | Found a shimmering altar of Xom.
  7717 | D:9      | Found a sacrificial altar of Ru.
  7737 | D:9      | Found a white marble altar of Elyvilon.
  8047 | D:9      | Reached skill level 5 in Evocations
  8047 | D:9      | Reached XP level 10. HP: 35/49 MP: 16/16
  8127 | D:9      | Noticed Erolcha
  8152 | D:9      | Killed Erolcha
  8353 | D:9      | Found Xyak's Assorted Antiques.
  8361 | D:9      | Bought a gluggy blue potion for 21 gold pieces
  8390 | D:9      | Found Jipsenk's Distillery.
  8405 | D:9      | Bought a potion of mutation for 96 gold pieces
  8405 | D:9      | Bought a potion of might for 48 gold pieces
  8405 | D:9      | Bought a potion of heal wounds for 60 gold pieces
  8443 | D:9      | Found Ijuvvout's Magic Scroll Shoppe.
  8465 | D:9      | HP: 1/44 [centaur (6)]
  8466 | D:9      | Succumbed to a kobold brigand's curare-tipped dart

Illustrated notes

Levels and vault maps discovered:
D:1:      saegor_arrival_simple_c, layout_basic
D:2:      layout_basic, minmay_misc_feat_encased, hangedman_feature_mirror
D:3:      layout_rooms, uniq_jessica
D:4:      layout_loops_cross, lemuel_mausoleum_altar_yredelemnul,
          lemuel_tele_altar, kennysheep_generic_room_16, uniq_eustachio
D:5:      layout_loops_ring, kennysheep_okawaru_gauntlet
D:6:      layout_basic, lemuel_blue_sif_altar,
          minmay_temple_entry_gardened_gates, lexackson_kobold_supper
D:7:      layout_rooms, trog_book, serial_shops, kennysheep_mini, minivault_25
D:8:      layout_loops_ring, xom_shifter_show
D:9:      layout_basic, nicolae_qazlal_style_of_elements, vehumet_statue,
          mainiacjoe_overflow_large_starburst, serial_shops, shop,
          nicolae_shop_hallway_stairs, shop, nicolae_shop_stone, shop,
          uniq_erolcha
Temple:   minmay_freezing_vapour_temple

Skill      XL: |  1  2  3  4  5  6  7  8  9 10 |
---------------+-------------------------------+-----
Stealth        | 6 7 8 9 10 11 12 | 12.9
Short Blades   | 3 4 6 |  6.9
Dodging        | 2 3 4 5 6 7 |  7.1
Fighting       | 2 3 4 |  4.1
Throwing       | 3 |  3.7
Slings         | 1 2 3 4 |  4.5
Evocations     | 1 2 3 5 |  5.4
Spellcasting   | 2 3 4 |  4.1
Air Magic      | 1 2 |  2.7
Poison Magic   | 1 3 |  3.5

Action                   |  1- 3 |  4- 6 |  7- 9 | 10-12 || total
-------------------------+-------+-------+-------+-------++-------
Melee: Dagger            |    62 |   127 |   331 |    17 ||   537
       Punch             |     1 |     1 |     7 |       ||     9
 Fire: Hunting sling     |       |    16 |    46 |     5 ||    67
Throw: Dart              |    24 |    11 |    22 |     7 ||    64
 Cast: Poisonous Vapours |       |       |     4 |     3 ||     7
 Abil: Evoke Invisibilit |       |       |       |     1 ||     1
Evoke: Wand              |       |       |     1 |       ||     1
  Use: Scroll            |       |     8 |     9 |     2 ||    19
       Potion            |       |       |       |     1 ||     1
 Stab: Sleeping          |     9 |    16 |    20 |     1 ||    46
       Distracted        |       |       |     3 |       ||     3
Armor: Robe              |     7 |    15 |    15 |       ||    37
Dodge: Dodged            |    51 |    80 |   199 |    49 ||   379
